Description

14 0:17 Pylon
16 0:38 Gateway
16 0:47 Assimilator
18 0:58 Assimilator
18 1:11 Gateway
20 1:25 Cybernetics Core
21 1:34 Pylon
22 1:53 Warp Gate
23 2:02 Adept x2
23 2:06 Forge
27 2:15 Twilight Council
27 2:38 Protoss Ground Weapons Level 1
27 2:45 Pylon
27 2:49 Charge
27 3:00 Gateway x2
27 3:15 Gateway
27 3:25 Pylon
27 3:32 Dark Shrine

VOD

https://youtu.be/JY2K2RYhRC8

Build Order

Get SALT Encoding   

Spawning Tool Build Advisor. Get it on Overwolf

Analysis

il faut toujours avoir 16 probe au minerrai, la dernière probe créé va poser le proxy. quand le warp est disponible créé des zélote et des dt que vous pouvez transphormer en archonte si il y a de la détection.

replay:

autres VOD

Go to:

Details

  • Created by: defer
  • Published on: Apr 10, 2017
  • Modified on: Jul 06, 2017
  • Patch: 3.8.0
Show
View Real Time Build Order
Export as new Build Order

Comments (0)

There are no comments. Be the first!

Create an account to comment!